[Event "Titled Tuesday Blitz February 28 Late 2023"]
[White "Tworuszka, Michal"]
[Black "Li, Ruifeng"]
[WhiteFideId "1117858"]
[BlackFideId "2061074"]
[WhiteElo "2468"]
[BlackElo "2441"]
[Result "0-1"]
[Round "02"]
[TimeControl "180+2"]
[Date "2023.02.28"]
[WhiteClock "0:00:02"]
[BlackClock "0:01:12"]

1. e4 d6 2. d4 Nf6 3. Nc3 Nc6 4. Nge2 e5 5. d5 Ne7 6. h3 c6 7. g4 cxd5 8. exd5 Ng6 9. Ng3 h6 10. Bb5+ Nd7 11. Nf5 a6 12. Bd3 Nc5 13. Be3 Nxd3+ 14. Qxd3 Nh4 15. Nxh4 Qxh4 16. O-O-O Be7 17. Kb1 Bd7 18. f4 exf4 19. Bxf4 O-O 20. Ne4 f5 21. Nxd6 fxg4 22. hxg4 Qxg4 23. Bxh6 Rf3 24. Be3 Bxd6 25. Qh7+ Kf7 26. Rdg1 Bg3 27. Rf1 Bf5 0-1


[Site "https://www.chess.com"]

[Event "Titled Tuesday Blitz February 28 Late 2023"]
[White "Bernadskiy, Vitaliy"]
[Black "Aydin, Gulenay"]
[WhiteFideId "14100371"]
[BlackFideId "34557431"]
[WhiteElo "2488"]
[BlackElo "2009"]
[Result "1/2-1/2"]
[Round "02"]
[TimeControl "180+2"]
[Date "2023.02.28"]
[WhiteClock "0:00:10"]
[BlackClock "0:00:14"]

1. d4 Nf6 2. Nf3 g6 3. Nc3 d5 4. Bf4 Bg7 5. e3 O-O 6. h4 h5 7. Ne5 c5 8. Be2 Nc6 9. Qd2 cxd4 10. exd4 Be6 11. O-O-O Rc8 12. Kb1 a6 13. f3 b5 14. Nxc6 Rxc6 15. Bd3 Qb6 16. Be5 Rfc8 17. Ne2 a5 18. g4 a4 19. Nf4 a3 20. gxh5 axb2 21. hxg6 Ra8 22. gxf7+ Bxf7 23. Qb4 Qa7 24. a3 Ra6 25. Kxb2 Rxa3 26. Kc1 Bh6 27. Kd2 Ra4 28. Qc3 Nd7 29. Rdg1+ Kf8 30. Qc7 Qxc7 31. Bxc7 Rxd4 32. Rg5 Rc8 33. Ke3 Ra4 34. Bxb5 Ra7 35. Bxd7 Rcxc7 36. Bf5 Bxg5 37. hxg5 Ra3+ 38. Kf2 Rc4 39. Kg3 Raa4 40. Nd3 Kg7 41. Ne5 Rc3 42. g6 Bg8 43. Ng4 Raa3 44. Bd3 Be6 45. Rh7+ Kf8 46. g7+ Ke8 47. Ne5 Kd8 48. Rh8+ Kc7 49. g8=Q Bxg8 50. Rxg8 Kd6 51. Kf4 Ra4+ 52. Kf5 e6+ 53. Kf6 Rf4+ 54. Kg5 Kxe5 55. Re8 Rc7 56. Rxe6+ Kxe6 57. Kxf4 Rf7+ 58. Ke3 Rc7 59. Kd2 Kd6 60. Ke3 Rf7 61. f4 Re7+ 62. Kd4 Rf7 63. f5 Ra7 64. c4 dxc4 65. Bxc4 Ke7 66. Ke5 Ra5+ 67. Bd5 Kf8 68. f6 Ra6 69. Be6 Ra1 70. Bd5 Re1+ 71. Kd6 Rf1 72. Ke6 Rf2 73. Ke5 Rf1 74. Ke6 Re1+ 75. Kd6 Rf1 76. Ke6 1/2-1/2


[Site "https://www.chess.com"]

[Event "Titled Tuesday Blitz February 28 Late 2023"]
[White "Quispe Arteaga, Gabriel"]
[Black "Rosenberg, Evan S"]
[WhiteFideId "32059809"]
[BlackFideId "2019299"]
[WhiteElo "2274"]
[BlackElo "2433"]
[Result "1-0"]
[Round "02"]
[TimeControl "180+2"]
[Date "2023.02.28"]
[WhiteClock "0:00:54"]
[BlackClock "0:00:02"]

1. c4 e6 2. Nc3 d5 3. d4 c5 4. cxd5 cxd4 5. Qa4+ Bd7 6. Qxd4 exd5 7. Qxd5 Nf6 8. Qd1 Bc5 9. Nf3 O-O 10. e3 Qe7 11. Bd3 Rd8 12. Qc2 Nc6 13. a3 Rac8 14. O-O Ne5 15. Nxe5 Qxe5 16. Qe2 Bd6 17. g3 Bh3 18. Rd1 h5 19. e4 Bc5 20. Be3 Ng4 21. Bxc5 Qxc5 22. Bc2 Qb6 23. Rxd8+ Rxd8 24. Rd1 Rc8 25. Nd5 Qc5 26. Bb1 Re8 27. Nf4 Nxf2 28. Qxf2 Qxf2+ 29. Kxf2 Bg4 30. Rd2 Rc8 31. h3 Be6 32. Nxe6 fxe6 33. Ba2 Kf8 34. Bxe6 Re8 35. Bf5 Ke7 36. Ke3 Kf6 37. Rd6+ Ke5 38. Rd5+ Kf6 39. g4 hxg4 40. hxg4 g6 41. Rd6+ Ke5 42. Rxg6 b5 43. Rg7 a5 44. Rd7 b4 45. g5 bxa3 46. Rd5# 1-0


[Site "https://www.chess.com"]

[Event "Titled Tuesday Blitz February 28 Late 2023"]
[White "Sanchez, Robert"]
[Black "Fernandez Guillen, Ernesto J."]
[WhiteFideId "2034360"]
[BlackFideId "3512428"]
[WhiteElo "2438"]
[BlackElo "2423"]
[Result "0-1"]
[Round "02"]
[TimeControl "180+2"]
[Date "2023.02.28"]
[WhiteClock "0:00:07"]
[BlackClock "0:00:11"]

1. e4 e5 2. Nf3 Nc6 3. Bb5 f5 4. d3 fxe4 5. dxe4 Nf6 6. O-O Bc5 7. Bc4 Qe7 8. a3 d6 9. Nc3 Bg4 10. h3 Bh5 11. Bg5 h6 12. Nd5 hxg5 13. Nxe7 Kxe7 14. Be2 g4 15. Ng5 gxh3 16. Nxh3 Bxe2 17. Qxe2 Nd4 18. Qd3 Rh4 19. c3 Ne6 20. b4 Bb6 21. a4 a6 22. a5 Ba7 23. Rfe1 Rah8 24. Kf1 Rxh3 25. gxh3 Nf4 26. Qg3 Kf7 27. h4 g5 28. Qxg5 Rg8 29. Qf5 Rg4 30. Re3 Rxh4 31. Rg3 Rh1+ 32. Rg1 Rh2 33. Qc8 Rxf2+ 34. Ke1 Ne8 35. Qd7+ Kf8 36. Rg8+ Kxg8 37. Qxe8+ Kg7 38. Qe7+ Kg6 39. Qe8+ Kg5 40. Qg8+ Kh4 41. Qh7+ Kg3 42. Qg7+ Kf3 43. Rd1 Re2+ 44. Kf1 Rf2+ 45. Ke1 Ng2+ 46. Qxg2+ Rxg2 47. Rd5 Kxe4 0-1


[Site "https://www.chess.com"]

[Event "Titled Tuesday Blitz February 28 Late 2023"]
[White "Aguilar, Juan"]
[Black "Garcia Ramos, Daniel"]
[WhiteFideId "3800091"]
[BlackFideId "32010311"]
[WhiteElo "2401"]
[BlackElo "2341"]
[Result "0-1"]
[Round "02"]
[TimeControl "180+2"]
[Date "2023.02.28"]
[WhiteClock "0:00:02"]
[BlackClock "0:00:10"]

1. Nf3 Nf6 2. g3 b6 3. Bg2 Bb7 4. O-O g6 5. b3 Bg7 6. Bb2 O-O 7. c4 e6 8. Nc3 Ne4 9. Qc2 Nxc3 10. Bxc3 Bxc3 11. Qxc3 c5 12. h4 h5 13. Rad1 Qe7 14. e3 Na6 15. Ng5 Bxg2 16. Kxg2 d5 17. cxd5 exd5 18. d4 Rfd8 19. Rfe1 Rac8 20. e4 dxe4 21. d5 c4 22. Nxe4 cxb3 23. Qxb3 Nc5 24. d6 Qb7 25. Qf3 Nxe4 26. Rxe4 Rd7 27. Kg1 Rcd8 28. Qf4 Kg7 29. Qe5+ f6 30. Qe7+ Rxe7 31. Rxe7+ Qxe7 32. dxe7 Rxd1+ 33. Kg2 Re1 0-1


[Site "https://www.chess.com"]

[Event "Titled Tuesday Blitz February 28 Late 2023"]
[White "Erdogdu, Mert"]
[Black "Haszon, David"]
[WhiteFideId "6301495"]
[BlackFideId "733610"]
[WhiteElo "2407"]
[BlackElo "2210"]
[Result "1-0"]
[Round "02"]
[TimeControl "180+2"]
[Date "2023.02.28"]
[WhiteClock "0:00:26"]
[BlackClock "0:00:14"]

1. e4 c5 2. Nf3 e6 3. d4 cxd4 4. Nxd4 Nc6 5. Nc3 Nf6 6. Ndb5 d6 7. Bf4 e5 8. Bg5 a6 9. Na3 b5 10. Nd5 Be7 11. Bxf6 gxf6 12. c4 Qa5+ 13. Qd2 Qxd2+ 14. Kxd2 b4 15. Nc2 a5 16. Nc7+ Kd7 17. Nxa8 Bd8 18. g3 Bb7 19. Bh3+ Ke8 20. b3 Bxa8 21. a3 bxa3 22. Rxa3 Bb6 23. Ke2 Bb7 24. Ra2 Ke7 25. Rha1 Rb8 26. Bf5 h6 27. h4 Bc7 28. Kd3 Ba6 29. Ra3 Bb6 30. Ne3 Bc5 31. Nd5+ Kd8 32. f4 Bxa3 33. Rxa3 a4 34. bxa4 Rb1 35. Nxf6 Rd1+ 36. Ke2 Rg1 37. Kf2 Rc1 38. Bd7 Rc2+ 39. Ke3 Rxc4 40. Bxc6 Rxc6 41. Nd5 Rc1 42. a5 Re1+ 43. Kf3 Rf1+ 44. Kg4 Be2+ 45. Kf5 exf4 46. gxf4 Rh1 47. a6 Rxh4 48. a7 1-0


[Site "https://www.chess.com"]

[Event "Titled Tuesday Blitz February 28 Late 2023"]
[White "Benaddi, Mouhcine"]
[Black "Papasimakopoulos, Alexandros"]
[WhiteFideId "9001050"]
[BlackFideId "4244125"]
[WhiteElo "2036"]
[BlackElo "2359"]
[Result "1-0"]
[Round "02"]
[TimeControl "180+2"]
[Date "2023.02.28"]
[WhiteClock "0:01:12"]
[BlackClock "0:00:04"]

1. Nf3 d5 2. g3 Nf6 3. Bg2 Bf5 4. c4 e6 5. cxd5 exd5 6. Qb3 b6 7. O-O c6 8. Nc3 Bd6 9. d3 O-O 10. Bg5 Be6 11. Nd4 h6 12. Nxe6 fxe6 13. Bd2 Nbd7 14. e4 Bc5 15. Bh3 Ne5 16. Bxe6+ Kh8 17. Be3 d4 18. Bf4 Nxd3 19. Ne2 Nxf4 20. Nxf4 Qe8 21. Bf5 Rf7 22. Bg6 Kg8 23. e5 Qxe5 24. Qxf7+ Kh8 25. Rae1 Qg5 26. Ne6 Rg8 27. Nxg5 hxg5 28. Re5 Rf8 29. Qxa7 d3 30. Bxd3 Ng4 31. Rxg5 Nxf2 32. Rh5+ Kg8 33. Bh7+ Kh8 34. Bg6+ Kg8 35. Kg2 Ng4 36. Rxf8+ Kxf8 37. Qf7# 1-0


[Site "https://www.chess.com"]

[Event "Titled Tuesday Blitz February 28 Late 2023"]
[White "Sarkar, Justin"]
[Black "Zhu, Jiner"]
[WhiteFideId "2010011"]
[BlackFideId "8608059"]
[WhiteElo "2189"]
[BlackElo "2384"]
[Result "0-1"]
[Round "02"]
[TimeControl "180+2"]
[Date "2023.02.28"]
[WhiteClock "0:00:01"]
[BlackClock "0:00:16"]

1. d4 Nf6 2. c4 g6 3. Nc3 Bg7 4. e4 d6 5. h3 O-O 6. Bg5 c5 7. d5 e6 8. Bd3 h6 9. Be3 exd5 10. exd5 Nbd7 11. Nf3 Re8 12. O-O a6 13. Qd2 Kh7 14. a4 Ne5 15. Nxe5 Rxe5 16. a5 Re8 17. Na4 Nd7 18. Ra3 Rb8 19. b4 cxb4 20. Qxb4 Ne5 21. Bc2 Qe7 22. Nb6 Nd7 23. Nxd7 Bxd7 24. c5 dxc5 25. Bxc5 Qg5 26. d6 Re2 27. Be3 Qd5 28. Be4 Qe6 29. Bf3 Rb2 30. Qe4 Qxd6 31. Bf4 Qxa3 32. Bxb8 Bc6 33. Qf4 Bxf3 34. gxf3 Qe7 35. Bd6 Qg5+ 36. Qxg5 hxg5 37. Re1 Bd4 38. Re7 Kg8 0-1


[Site "https://www.chess.com"]

[Event "Titled Tuesday Blitz February 28 Late 2023"]
[White "Gatterer, Florian"]
[Black "Trent, Lawrence"]
[WhiteFideId "811688"]
[BlackFideId "408638"]
[WhiteElo "2221"]
[BlackElo "2458"]
[Result "0-1"]
[Round "02"]
[TimeControl "180+2"]
[Date "2023.02.28"]
[WhiteClock "0:00:01"]
[BlackClock "0:02:00"]

1. Nf3 Nf6 2. g3 e6 3. Bg2 b6 4. O-O Bb7 5. c4 c5 6. Nc3 Be7 7. d4 cxd4 8. Qxd4 d6 9. b3 a6 10. Ba3 O-O 11. Rfd1 Ne8 12. Rac1 Ra7 13. Qd2 Nd7 14. e4 Qa8 15. Nd4 Nc5 16. Re1 Nf6 17. f3 Rc8 18. Rcd1 h6 19. Kh1 Kh8 20. Kg1 Rg8 21. Kh1 g5 22. h3 Nh5 23. Kh2 Qb8 24. Qf2 Bf6 25. Nce2 d5 26. cxd5 exd5 27. exd5 Bxd5 28. Nf5 Rd8 29. Nxh6 Rad7 30. Rxd5 Rxd5 31. Nxf7+ Kg7 32. Nxd8 Qxd8 33. Bxc5 Rxc5 34. Ng1 Be5 35. Rxe5 Rxe5 36. Qb2 Qf6 37. Ne2 Re3 38. Qd2 Qe5 39. Qd7+ Kg6 40. Qc6+ Nf6 41. Ng1 Qc5 42. Qb7 Re1 43. f4 Qxg1# 0-1


[Site "https://www.chess.com"]

[Event "Titled Tuesday Blitz February 28 Late 2023"]
[White "Fernandez Garcia, Gumersindo"]
[Black "Gerzhoy, Leonid"]
[WhiteFideId "24516740"]
[BlackFideId "2806126"]
[WhiteElo "2093"]
[BlackElo "2626"]
[Result "0-1"]
[Round "02"]
[TimeControl "180+2"]
[Date "2023.02.28"]
[WhiteClock "0:00:11"]
[BlackClock "0:00:56"]

1. e4 d6 2. d4 Nf6 3. Nc3 e5 4. dxe5 dxe5 5. Qxd8+ Kxd8 6. Bc4 Bb4 7. f3 Ke7 8. Ne2 Be6 9. Bxe6 Kxe6 10. a3 Ba5 11. Be3 Nc6 12. O-O-O Rhd8 13. Rxd8 Rxd8 14. Rd1 Rxd1+ 15. Kxd1 Ne8 16. b4 Bb6 17. Bxb6 axb6 18. Nd5 Ne7 19. c4 Nxd5 20. cxd5+ Kd7 21. Kc2 Nd6 22. Kd3 b5 23. f4 f6 24. fxe5 fxe5 25. Nc3 c6 26. a4 bxa4 27. Nxa4 cxd5 28. exd5 Kc7 29. Nc5 g6 30. g3 Kd8 31. Ne4 Ke7 32. g4 h6 33. h4 Nxe4 34. Kxe4 Kd6 35. b5 b6 36. h5 g5 37. Kf5 Kxd5 38. Kg6 e4 39. Kxh6 e3 40. Kxg5 e2 41. h6 e1=Q 42. h7 Qe7+ 43. Kh6 Qf6+ 44. Kh5 Qg7 45. g5 Qxh7+ 0-1


[Site "https://www.chess.com"]

[Event "Titled Tuesday Blitz February 28 Late 2023"]
[White "Aung Thant Zin"]
[Black "Yedidia, Daniel"]
[WhiteFideId "13000063"]
[BlackFideId "30905907"]
[WhiteElo "2278"]
[BlackElo "2538"]
[Result "1-0"]
[Round "02"]
[TimeControl "180+2"]
[Date "2023.02.28"]
[WhiteClock "0:02:12"]
[BlackClock "0:02:21"]

1. e4 e5 2. Nf3 Nc6 3. d4 exd4 4. Nxd4 Nf6 5. Nc3 Bb4 6. Nxc6 bxc6 7. Bd3 d5 8. exd5 cxd5 9. O-O O-O 10. h3 c6 11. Bg5 h6 12. Bh4 Rb8 13. Rb1 Be6 14. Ne2 Bd6 15. Nd4 Qd7 16. Bxf6 gxf6 17. Qh5 Kg7 18. Rfe1 f5 19. Bxf5 Bc5 20. Bxe6 fxe6 21. Nxe6+ 1-0


[Site "https://www.chess.com"]

[Event "Titled Tuesday Blitz February 28 Late 2023"]
[White "Eckert, Doug"]
[Black "Pranav, V"]
[WhiteFideId "2001993"]
[BlackFideId "25060783"]
[WhiteElo "2202"]
[BlackElo "2500"]
[Result "0-1"]
[Round "02"]
[TimeControl "180+2"]
[Date "2023.02.28"]
[WhiteClock "0:00:06"]
[BlackClock "0:01:55"]

1. d4 d5 2. c4 e6 3. Nc3 c5 4. cxd5 exd5 5. dxc5 Nf6 6. Nf3 Bxc5 7. Bg5 Be6 8. e3 O-O 9. Be2 Nc6 10. O-O Be7 11. Rc1 h6 12. Bh4 Rc8 13. Nd4 Nxd4 14. Qxd4 a6 15. Na4 Qa5 16. a3 Rfd8 17. h3 Rc4 18. Bxc4 dxc4 19. Qb6 Qxa4 20. Qxb7 Rd7 21. Qb8+ Kh7 22. Bg3 Ne4 23. Be5 Qc6 24. Rfd1 Rb7 25. Qa8 Nxf2 26. Kxf2 Rxb2+ 27. Ke1 Qxa8 0-1


[Site "https://www.chess.com"]

[Event "Titled Tuesday Blitz February 28 Late 2023"]
[White "Keymer, Vincent"]
[Black "Redzisz, Michal"]
[WhiteFideId "12940690"]
[BlackFideId "21816107"]
[WhiteElo "2651"]
[BlackElo "2175"]
[Result "1-0"]
[Round "02"]
[TimeControl "180+2"]
[Date "2023.02.28"]
[WhiteClock "0:00:20"]
[BlackClock "0:00:38"]

1. a3 a5 2. Nf3 Nf6 3. c4 g6 4. g3 b6 5. Bg2 Bb7 6. O-O Bg7 7. d4 O-O 8. d5 Na6 9. Nc3 Nc5 10. Nd4 a4 11. e4 e5 12. Ndb5 Ne8 13. Be3 c6 14. Bxc5 bxc5 15. Nxa4 cxb5 16. Nxc5 Ba6 17. Nxa6 Rxa6 18. cxb5 Ra8 19. a4 Nd6 20. b4 f5 21. Qd3 fxe4 22. Bxe4 Qb6 23. Kg2 Rfc8 24. a5 Qxb5 25. Qxb5 Nxb5 26. d6 Ra6 27. Bb7 Rcc6 28. Bxc6 Rxc6 29. Rfc1 Rxd6 30. a6 e4 31. a7 Nxa7 32. Rxa7 Rd2 33. Rc8+ Kf7 34. Rc4 Bd4 35. Rxd7+ 1-0


[Site "https://www.chess.com"]

[Event "Titled Tuesday Blitz February 28 Late 2023"]
[White "Melkumyan, Hrant"]
[Black "Jovic, Stanoje"]
[WhiteFideId "13302485"]
[BlackFideId "905020"]
[WhiteElo "2604"]
[BlackElo "2236"]
[Result "1-0"]
[Round "02"]
[TimeControl "180+2"]
[Date "2023.02.28"]
[WhiteClock "0:01:19"]
[BlackClock "0:00:04"]

1. e4 c6 2. Nf3 d5 3. d3 dxe4 4. dxe4 Qxd1+ 5. Kxd1 Bg4 6. Be2 Bxf3 7. Bxf3 h5 8. Nd2 Nd7 9. c3 g6 10. Kc2 Bh6 11. Be2 Bxd2 12. Bxd2 Ngf6 13. f3 O-O-O 14. Be3 Kc7 15. b4 b6 16. a4 Kb7 17. Rhb1 h4 18. a5 b5 19. a6+ Ka8 20. c4 bxc4 21. Bxc4 e6 22. Rd1 Nb6 23. Be2 Nfd7 24. Rd6 Ne5 25. Rxd8+ Rxd8 26. Kc3 f6 27. f4 Nf7 28. Rd1 Rxd1 29. Bxd1 Nd6 30. Kd3 Nd7 31. Bb3 e5 32. g3 hxg3 33. hxg3 f5 34. exf5 gxf5 35. Be6 e4+ 36. Ke2 Nb6 37. Bd4 Nd5 38. Be5 Nc4 39. Bxf5 Nxe5 40. fxe5 Nxb4 41. Bxe4 Kb8 42. Ke3 Nxa6 43. g4 Kc7 44. g5 Kd8 45. Bxc6 Ke7 46. Bd5 Nc5 47. Kf4 a5 48. g6 Kf8 49. Kf5 a4 50. e6 Na6 51. e7+ Kxe7 52. g7 Nc7 53. g8=Q 1-0


[Site "https://www.chess.com"]

[Event "Titled Tuesday Blitz February 28 Late 2023"]
[White "Gadimbayli, Abdulla"]
[Black "Hajiyev, Kanan"]
[WhiteFideId "13404938"]
[BlackFideId "13404148"]
[WhiteElo "2390"]
[BlackElo "2103"]
[Result "1-0"]
[Round "02"]
[TimeControl "180+2"]
[Date "2023.02.28"]
[WhiteClock "0:01:09"]
[BlackClock "0:00:06"]

1. e4 c6 2. Nf3 d5 3. exd5 cxd5 4. Ne5 Nc6 5. d4 Nf6 6. c3 a6 7. Bd3 g6 8. Nd2 Bg7 9. Nxc6 bxc6 10. O-O O-O 11. Re1 Bf5 12. Bxf5 gxf5 13. Nb3 e6 14. Bg5 Qb6 15. Qe2 Rab8 16. Bf4 Rb7 17. Nc5 Ra7 18. Nd3 a5 19. Bd6 Rb7 20. Bxf8 Bxf8 21. a4 Ne4 22. f3 Nf6 23. Kh1 Bd6 24. Reb1 Qb3 25. Nc1 Qb6 26. b4 Nh5 27. Nd3 Qa6 28. Nf4 Qxe2 29. Nxe2 Kf8 30. bxa5 Ra7 31. Rb6 Rxa5 32. Rxc6 Ke7 33. Rb6 Ra7 34. a5 Bc7 35. Rb5 Kd7 36. a6 Kc6 37. Rc5+ Kd6 38. Nc1 Nf6 39. Nd3 Nd7 40. Rb5 Bb6 41. Nb4 h5 42. Rb1 h4 43. h3 f6 44. Nxd5 exd5 45. Rxb6+ Nxb6 46. Rxb6+ Ke7 47. Rb7+ 1-0


[Site "https://www.chess.com"]

[Event "Titled Tuesday Blitz February 28 Late 2023"]
[White "Makridis, Dimitrios"]
[Black "Chan, Kim Yew"]
[WhiteFideId "25864475"]
[BlackFideId "5717981"]
[WhiteElo "2277"]
[BlackElo "2206"]
[Result "1-0"]
[Round "02"]
[TimeControl "180+2"]
[Date "2023.02.28"]
[WhiteClock "0:01:24"]
[BlackClock "0:00:35"]

1. Nf3 Nf6 2. c4 b6 3. e3 Bb7 4. b3 g6 5. Bb2 Bg7 6. Be2 O-O 7. O-O c5 8. d4 cxd4 9. Nxd4 d6 10. Nc3 Nc6 11. Bf3 Qd7 12. Nxc6 Bxc6 13. Bxc6 Qxc6 14. Rc1 Rfd8 15. Qd4 Rac8 16. Nd5 Qd7 17. Rfd1 Qe8 18. h3 Qf8 19. Qd2 Nxd5 20. cxd5 Bxb2 21. Qxb2 Qe8 22. Rd2 Rxc1+ 23. Qxc1 Rc8 24. Rc2 Rxc2 25. Qxc2 Qb5 26. Qc7 Qxd5 27. Qxe7 a5 28. Qd8+ Kg7 29. Qxb6 Qd1+ 30. Kh2 Qe2 31. Qd4+ Kg8 32. a4 Qxf2 33. Qb6 Qb2 34. Qxa5 Qe5+ 35. Qxe5 1-0


[Site "https://www.chess.com"]

[Event "Titled Tuesday Blitz February 28 Late 2023"]
[White "Forgacs, Attila Jr."]
[Black "Rozman, Levy"]
[WhiteFideId "773654"]
[BlackFideId "2039877"]
[WhiteElo "2168"]
[BlackElo "2376"]
[Result "0-1"]
[Round "02"]
[TimeControl "180+2"]
[Date "2023.02.28"]
[WhiteClock "0:00:02"]
[BlackClock "0:00:44"]

1. e4 e5 2. Nf3 Nc6 3. Bb5 f5 4. d3 fxe4 5. dxe4 Nf6 6. O-O Bc5 7. Bxc6 bxc6 8. Nxe5 O-O 9. Nc3 Qe8 10. Nd3 Bd4 11. e5 Nd5 12. Nxd5 cxd5 13. c3 Bb6 14. Nf4 c6 15. Qh5 Qxh5 16. Nxh5 Rf5 17. Ng3 Rxe5 18. Bf4 Re8 19. Rfe1 Ba6 20. Bd6 g6 21. a4 Bc4 22. a5 Bxa5 23. Bc5 Rxe1+ 24. Rxe1 Bb6 25. Bd6 Kf7 26. Re7+ Kf6 27. Rxd7 Ke6 28. Rxh7 Kxd6 29. Rg7 Bd3 0-1


[Site "https://www.chess.com"]

[Event "Titled Tuesday Blitz February 28 Late 2023"]
[White "Beerdsen, Thomas"]
[Black "Li, Hui"]
[WhiteFideId "1030108"]
[BlackFideId "15400310"]
[WhiteElo "2547"]
[BlackElo "1967"]
[Result "1-0"]
[Round "02"]
[TimeControl "180+2"]
[Date "2023.02.28"]
[WhiteClock "0:01:18"]
[BlackClock "0:00:02"]

1. a4 d5 2. Ra3 e6 3. Rg3 Nf6 4. e3 Ne4 5. b3 Nxg3 6. hxg3 Be7 7. Qh5 Nd7 8. Bb2 Nf6 9. Qg5 Rg8 10. Nf3 h6 11. Qf4 Qd6 12. Be5 Qd7 13. Rxh6 gxh6 14. Bxf6 Bxf6 15. Qxf6 Qe7 16. Qf4 f6 17. Nc3 a6 18. Be2 e5 19. Qxh6 Be6 20. Qh5+ Qf7 21. Qh4 O-O-O 22. Qb4 Rh8 23. Nh4 d4 24. Ne4 Bd5 25. Nc5 Rhg8 26. Nf5 Rg5 27. e4 Bc6 28. Bc4 Qh7 29. Be6+ Kb8 30. d3 b6 31. Nxa6+ Ka7 32. Qc4 Qh1+ 33. Kd2 Bb7 34. Nxc7 Qxg2 35. Nb5+ Ka8 36. Qc7 Qxf2+ 37. Kc1 Qe1+ 38. Kb2 Qa5 39. Qxd8+ 1-0


[Site "https://www.chess.com"]

[Event "Titled Tuesday Blitz February 28 Late 2023"]
[White "Klekowski, Maciej"]
[Black "Szyszylo, Rafal"]
[WhiteFideId "1132717"]
[BlackFideId "1109626"]
[WhiteElo "2540"]
[BlackElo "1951"]
[Result "1-0"]
[Round "02"]
[TimeControl "180+2"]
[Date "2023.02.28"]
[WhiteClock "0:01:11"]
[BlackClock "0:00:02"]

1. e4 g6 2. Nc3 d6 3. f4 Nf6 4. Nf3 Bg7 5. Bc4 O-O 6. Bb3 Bg4 7. h3 Bxf3 8. Qxf3 Nc6 9. O-O Nd4 10. Qf2 Nxb3 11. axb3 a6 12. d3 c6 13. Be3 b5 14. Ne2 c5 15. Ng3 Qc7 16. c3 a5 17. f5 a4 18. bxa4 Rxa4 19. Rxa4 bxa4 20. Ra1 Qc6 21. Qc2 Rb8 22. Qxa4 Qxa4 23. Rxa4 Rxb2 24. Ra8+ Bf8 25. Bh6 Nd7 26. e5 Rb8 27. Rxb8 Nxb8 28. Bxf8 Kxf8 29. exd6 exd6 30. Ne4 Ke7 31. g4 Nc6 32. Kf2 gxf5 33. gxf5 f6 34. Ke3 Ne5 35. d4 cxd4+ 36. cxd4 Nc4+ 37. Kf4 Nb6 38. Nc3 Kd7 39. Kg4 Ke7 40. Kh5 Kf7 41. Kh6 Kg8 42. Ne4 Nd5 43. Nxd6 Ne3 44. Kh5 Kg7 45. Kh4 Kh6 46. Kg3 Kg5 47. h4+ Kh5 48. Kf3 Nd5 49. Ke4 Ne7 50. Ne8 Ng8 51. d5 Kxh4 52. d6 Nh6 53. Nxf6 Nf7 54. d7 Kg5 55. Nxh7+ Kh6 56. Nf8 Kg7 57. Ne6+ Kf6 58. d8=Q+ Nxd8 59. Nxd8 1-0


[Site "https://www.chess.com"]

[Event "Titled Tuesday Blitz February 28 Late 2023"]
[White "Hoffmann, Asa"]
[Black "Oro, Faustino"]
[WhiteFideId "2001470"]
[BlackFideId "20000197"]
[WhiteElo "2117"]
[BlackElo "1984"]
[Result "0-1"]
[Round "02"]
[TimeControl "180+2"]
[Date "2023.02.28"]
[WhiteClock "0:00:44"]
[BlackClock "0:00:08"]

1. d4 d5 2. Bg5 Nf6 3. Nd2 e6 4. e3 Be7 5. Bd3 c5 6. c3 b6 7. f4 O-O 8. Ngf3 Ba6 9. Bxa6 Nxa6 10. Qe2 Nc7 11. Ne5 Qd6 12. O-O Rfe8 13. f5 Rf8 14. fxe6 fxe6 15. Rf3 Nd7 16. Bxe7 Qxe7 17. Nxd7 Qxd7 18. Raf1 Qe7 19. Rxf8+ Rxf8 20. Rxf8+ Qxf8 21. Qg4 Qf6 22. Nf3 Ne8 23. Ne5 Nd6 24. Nc6 Nc4 25. Qe2 Qg5 26. Kf2 Qh4+ 27. Kg1 Qe4 28. Kf2 h6 29. g3 Qb1 30. b3 Nb2 31. Kg2 Nd1 32. Nd8 Qe4+ 33. Kg1 Nxe3 34. Kf2 Ng4+ 35. Kf1 Qh1# 0-1


[Site "https://www.chess.com"]

[Event "Titled Tuesday Blitz February 28 Late 2023"]
[White "Pein, Jonathan"]
[Black "Mirzoev, Azer"]
[WhiteFideId "417092"]
[BlackFideId "13400304"]
[WhiteElo "2151"]
[BlackElo "2525"]
[Result "0-1"]
[Round "02"]
[TimeControl "180+2"]
[Date "2023.02.28"]
[WhiteClock "0:00:07"]
[BlackClock "0:00:19"]

1. b3 c5 2. Bb2 Nc6 3. Nf3 d6 4. g3 e5 5. d3 f5 6. Bg2 Nf6 7. O-O g6 8. e4 Bg7 9. exf5 Bxf5 10. Nbd2 O-O 11. Nh4 Bg4 12. Qe1 Qd7 13. Nc4 Rae8 14. Ne3 Bh3 15. a4 Nd4 16. Qd1 Bxg2 17. Nhxg2 Bh6 18. Bxd4 cxd4 19. Nc4 Nd5 20. Nh4 Nc3 21. Qe1 Qc7 22. a5 d5 23. Nd2 e4 24. dxe4 dxe4 25. Nc4 Qc6 26. Ng2 Rf5 27. h4 Rf3 28. Nd2 Rff8 29. Nc4 Kg7 30. Rd1 Nxd1 31. Qxd1 Rd8 32. h5 d3 33. cxd3 exd3 34. Qa1+ Qf6 35. Qd1 d2 36. hxg6 hxg6 37. Nh4 Qd4 38. Qc2 Qd3 39. Qb2+ Kh7 40. Ne5 Qd6 41. Nexg6 d1=Q 42. Nxf8+ Rxf8 43. Rxd1 Qxd1+ 44. Kh2 Qd5 45. Qc2+ Kg8 46. Qg6+ Bg7 47. f4 Qf7 48. Qg5 Re8 49. Nf5 Qf6 50. Qg4 Rf8 51. Nh4 a6 52. Nf3 Qf5 53. Qh4 Qh7 54. Qxh7+ Kxh7 55. Ng5+ Kg6 56. Ne6 Rc8 57. g4 Kf7 58. f5 Be5+ 59. Kh3 Rc3+ 60. Kh4 Rxb3 61. g5 Rb1 62. g6+ Kf6 63. g7 Rh1+ 64. Kg4 Rg1+ 65. Kf3 Rxg7 66. Nxg7 Kxg7 67. Ke4 Kf6 68. Kd5 Bc7 69. Kc5 Bxa5 0-1


[Site "https://www.chess.com"]

[Event "Titled Tuesday Blitz February 28 Late 2023"]
[White "Albertini, Luca"]
[Black "Preotu, Razvan"]
[WhiteFideId "847038"]
[BlackFideId "2613280"]
[WhiteElo "2197"]
[BlackElo "2407"]
[Result "0-1"]
[Round "02"]
[TimeControl "180+2"]
[Date "2023.02.28"]
[WhiteClock "0:00:12"]
[BlackClock "0:00:05"]

1. e4 c5 2. Nf3 d6 3. c4 e5 4. Nc3 g6 5. Bd3 Nc6 6. Bc2 Bh6 7. Ba4 Ne7 8. Nd5 O-O 9. Nf6+ Kg7 10. Nd5 Nxd5 11. exd5 Ne7 12. O-O Bg4 13. h3 Bxf3 14. Qxf3 Nf5 15. Bc2 Nd4 16. Qd1 Qh4 17. b3 f5 18. Kh2 e4 19. g3 Qf6 20. Bb2 Rae8 21. Re1 f4 22. g4 f3 23. Rh1 Kg8 24. Bc3 Qh4 25. Kg1 Ne2+ 26. Kf1 e3 27. dxe3 Nxc3 28. Qd2 Ne4 29. Bxe4 Rxe4 30. Qa5 Rxg4 31. Rc1 Rg2 32. Rc2 Bxe3 33. Rg1 Rxf2+ 34. Ke1 Rd2+ 35. Kf1 Qf2# 0-1


[Site "https://www.chess.com"]

[Event "Titled Tuesday Blitz February 28 Late 2023"]
[White "Pino Perez, Lazaro"]
[Black "Blomqvist, Erik"]
[WhiteFideId "3517055"]
[BlackFideId "1709437"]
[WhiteElo "2170"]
[BlackElo "2436"]
[Result "1/2-1/2"]
[Round "02"]
[TimeControl "180+2"]
[Date "2023.02.28"]
[WhiteClock "0:00:04"]
[BlackClock "0:00:07"]

1. d4 d5 2. Bf4 c5 3. e3 Nc6 4. Nf3 Bg4 5. c3 e6 6. Nbd2 cxd4 7. exd4 Bd6 8. Bxd6 Qxd6 9. Bd3 Nge7 10. O-O Bh5 11. Re1 O-O 12. a4 f6 13. Qb3 Qd7 14. a5 a6 15. Qa4 Kh8 16. b4 Qd6 17. b5 axb5 18. Qxb5 e5 19. c4 exd4 20. cxd5 Nxd5 21. Be4 Nc3 22. Qxh5 Nxe4 23. Nxe4 Qf4 24. g3 Qc7 25. Nc5 Rxa5 26. Ne6 Rxh5 27. Nxc7 d3 28. Rad1 Nb4 29. Re4 Nd5 30. Nxd5 Rxd5 31. Rd4 Rxd4 32. Nxd4 Rd8 33. Rxd3 Kg8 34. Kf1 b5 35. Ke2 b4 36. Nb3 Re8+ 37. Kd2 Kf7 38. Rd4 Rb8 39. Rd7+ Kg6 40. Rd4 h5 41. h4 Kf5 42. Kd3 g5 43. Rc4 Rd8+ 44. Kc2 Ra8 45. Nd4+ Kg4 46. Ne6+ Kh3 47. hxg5 fxg5 48. Nxg5+ Kg2 49. Ne4 Ra2+ 50. Kb3 Re2 51. Kxb4 Kf3 52. Nc3 Rxf2 53. Rf4+ Kxg3 54. Rxf2 Kxf2 55. Ne4+ Kg2 56. Ng5 h4 57. Kc3 Kg3 58. Kd4 Kf4 59. Kd3 Kxg5 60. Ke2 Kg4 61. Kf2 Kh3 62. Kg1 Kg3 63. Kh1 h3 64. Kg1 h2+ 65. Kh1 Kh3 1/2-1/2


[Site "https://www.chess.com"]